 Dungeon Crawl Stone Soup version 0.31-a0-325-g067879e3d3 (webtiles) character file.

Game seed: 6407643075774120535

19 cforsyth the Changeling (level 2, 0/22 HPs)
             Began as a Vampire Shapeshifter on July 19, 2023.
             Succumbed to an adder's poison
             ... on level 2 of the Dungeon.
             The game lasted 00:00:32 (827 turns).

cforsyth the Changeling (Vampire Shapeshifter)       Turns: 827, Time: 00:00:33

Health: 0/22       AC:  2    Str: 14    XL:     2   Next: 55%
Magic:  2/2        EV: 12    Int: 10    God:
Gold:   48         SH:  0    Dex: 14    Spells: 1/1 levels left

rFire   . .          .
                       - Unarmed
rCold   . . .        (no shield)
rNeg    . . .        a - +0 animal skin
rPois   .            (helmet currently unavailable)
rElec   .            (cloak currently unavailable)
rCorr   .            (gloves currently unavailable)
SInv    +            (boots currently unavailable)
Will    .....        (no amulet)
Stlth   +            (no ring)
HPRegen 0.43/turn    (no ring)
MPRegen 0.08/turn

%: no passive effects
@: lethally poisoned (0 -> -1), beast-form, healing quickly
A: beast (slay +2), alive, fangs 3, see invisible, vampiric 1
a: Exsanguinate, Begin Untransformation


You were on level 2 of the Dungeon.
You were a hulking beast.
You visited 1 branch of the dungeon, and saw 2 of its levels.

You collected 48 gold pieces.

Inventory:

Armour
 a - a +0 animal skin (worn)
 g - a +0 pair of gloves
Talismans
 c - a beast talisman
Scrolls
 e - 2 scrolls of identify {unknown}
 h - a scroll of butterflies {unknown}
Potions
 b - a potion of lignification
 d - 2 potions of heal wounds {unknown}
 f - 2 potions of degeneration {unknown}
 i - a potion of resistance {unknown}


   Skills:
 + Level 2.2 Fighting
 - Level 2.1 Dodging
 + Level 2.7 Unarmed Combat
 + Level 3.5 Shapeshifting


You had one spell level left.
You didn't know any spells.
Your spell library was empty.

Dungeon Overview and Level Annotations

Branches:
Dungeon (2/15)

Altars:


Innate Abilities, Weirdness & Mutations

You are a hulking beast.
Your limbs bulge with bestial killing power. (Slay +2)
Your natural rate of healing is accelerated.
You have razor-sharp teeth.
You have supernaturally acute eyesight. (SInv)
You are afflicted with vampirism.


Message History

A rat comes into view.
You closely miss the adder.
The adder is severely wounded.
The jackal barely misses you. The adder bites you.
A ball python comes into view.
The jackal completely misses you. The adder bites you.
You miss the adder.
The adder is severely wounded.
The jackal bites you but does no damage.
The adder closely misses you.
The ball python hisses angrily.
You hit the adder.
The adder is almost dead.
The jackal barely misses you. The adder bites you.
You are poisoned.
The adder poisons you!
You are too injured to fight recklessly!
You are too injured to fight recklessly!
You are too injured to fight recklessly!
You are too injured to fight recklessly!
You are too injured to fight recklessly!
You are too injured to fight recklessly!
You are too injured to fight recklessly!
You are too injured to fight recklessly!
You are too injured to fight recklessly!
You are too injured to fight recklessly!
You miss the adder.
The adder is almost dead.
You feel sick. The jackal barely misses you. The adder barely misses you.
The jackal bites you.
You miss the adder. You punch the adder.
You kill the adder!
You feel sick. The jackal misses you.
You feel sick. The jackal attacks as you move away! The jackal bites you.
* * * LOW HITPOINT WARNING * * *
You feel sick. The jackal barely misses you. x2
The jackal attacks as you move away! The jackal bites you.
* * * LOW HITPOINT WARNING * * *
You die...

## ##.##......
..........#. ### #.
#.#........
......##.... ....# .
...#.##)#.# #..#
#.##.#.##.#.####..#
......#.......#<##
.#####...#).†......#
..........h†.##.####
........h...?...#
##...Sh....##.#
#.#.r..........
......†##...........
..##... #.......#.#.
..... ..........#
.<.###.#.#..#...###
.. ..#.#.##...#


You could see 2 jackals, a ball python and a rat.

Vanquished Creatures
  An adder (D:2)
  An endoplasm (D:1)
  A giant cockroach (D:1)
  A goblin (D:1)
  2 hobgoblins
  A jackal (D:2)
  A bat (D:1)
  A frilled lizard (D:2)
  A kobold (D:1)
10 creatures vanquished.

Notes
Turn   | Place    | Note
-------+----------+-------------------------------------------
     0 | D:1      | cforsyth the Vampire Shapeshifter began the quest for the
                  | Orb.
     0 | D:1      | Reached XP level 1. HP: 16/16 MP: 1/1
   808 | D:2      | Reached XP level 2. HP: 22/22 MP: 2/2
   827 | D:2      | HP: 1/22 [jackal (2)]
   827 | D:2      | Succumbed to an adder's poison

Illustrated notes

Levels and vault maps discovered:
D:1:      minmay_arrival_split_and_join, layout_basic, minmay_statues_item,
          chequers_avenue
D:2:      layout_basic, serial_shops, nicolae_book_shop_shelving, shop

Skill      XL: |  1 |
---------------+----+-----
Fighting       | 2 |  2.2
Dodging        | |  2.1
Unarmed Combat | |  2.7
Shapeshifting  | |  3.5

Action                     || total
---------------------------++-------
  Melee: Unarmed           ||    28
         Bite              ||     3
         Punch             ||     1
   Stab: Sleeping          ||     1
 Armour: Animal skin       ||     4
  Dodge: Dodged            ||    26

Table legend: (Time is in decaauts)
 A = Elapsed time spent in this place.
 B = Non-inter-level travel time spent in this place.
 C = Inter-level travel time spent in this place.
 D = Time resting spent in this place.
 E = Time spent auto-exploring this place.
 F = Levels seen in this place.
 G = Mean time per level.
                   A        B        C        D        E       F      G
               +--------+--------+--------+--------+--------+-----+--------+
         Total |    825 |    754 |     71 |      0 |    677 |   2 |  412.5 |
       Dungeon |    825 |    754 |     71 |      0 |    677 |   2 |  412.5 |
               +--------+--------+--------+--------+--------+-----+--------+

Top non-repeatable levels by time:
     D:1: 792 daAuts
     D:2: 33 daAuts
